 Dungeon Crawl Stone Soup version 0.32-a0-913-g739538afd8 (webtiles) character file.

Game seed: 4242246197603158171

163 Autsider the Trooper (level 5, 0/54 HPs)
             Began as an Oni Hedge Wizard on Apr 8, 2024.
             Slain by an orc wizard
             ... wielding a +1 dagger of speed
              (5 damage)
             ... on level 3 of the Dungeon.
             The game lasted 00:12:07 (3744 turns).

Autsider the Trooper (Oni Hedge Wizard)             Turns: 3744, Time: 00:12:08

Health: 0/54       AC:  1    Str: 14 (16) XL:     5   Next: 44%
Magic:  3/10       EV:  8    Int: 12 (15) God:
Gold:   150        SH:  0    Dex:  7 (8)  Spells: 3/11 levels left

rFire   . . .        u - +7 club
rCold   . . .        (no shield)
rNeg    . . .        (body armour restricted)
rPois   .            c - +0 hat
rElec   .            v - scarf {+Inv}
rCorr   .            (gloves unavailable)
SInv    .            (boots unavailable)
Will    +....        (no amulet)
Stlth   +            i - ring of willpower
HPRegen 0.29/turn    (no ring)
MPRegen 0.12/turn

%: no passive effects
@: very slightly contaminated
A: large, unfitting armour, horns 1, tough skin 1, double potion healing,
drunken brawling
a: Evoke Invisibility


You were on level 3 of the Dungeon.
You visited 1 branch of the dungeon, and saw 4 of its levels.

You collected 150 gold pieces.

Inventory:

Hand Weapons
 a - a +0 club
 o - a +3 dagger of venom
 u - a +7 club (weapon)
Armour
 c - a +0 hat (worn)
 q - a +0 leather armour
 v - a scarf of invisibility (worn)
Jewellery
 i - a ring of willpower (left hand)
Scrolls
 f - a scroll of poison
 g - a scroll of teleportation {@r2}
 n - a scroll of identify {@r1}
Potions
 d - a potion of magic
 h - a potion of haste {unknown}
 t - a potion of berserk rage


   Skills:
 + Level 4.0 Fighting
 - Level 1.7 Dodging
 - Level 1.4 Stealth
 - Level 3.6 Spellcasting
 + Level 1.8 Conjurations
 - Level 0.8 Summonings
 + Level 2.2 Translocations
 + Level 1.2 Air Magic
 + Level 1.2 Alchemy


You had 3 spell levels left.
You knew the following spells:

 Your Spells              Type           Power      Damage    Failure   Level
a - Magic Dart            Conj           24%        1d4       11%         1
w - Mephitic Cloud        Conj/Alch/Air  5%         N/A       36%         3
z - Blink                 Tloc           14%        N/A       14%         2
B - Call Imp              Summ           8%         N/A       24%         2

Your spell library contained the following spells:

 Spells                   Type           Power      Damage    Failure   Level
 Slow                     Hex            8%         N/A       24%         1
 Cigotuvi's Dreadful Rot  Necr/Alch/Air  8%         N/A       26%         2
 Inner Flame              Hex/Fire       2%         N/A       56%         3
 Flame Wave               Conj/Fire      4%         2d5       85%         4
 Sticky Flame             Fire/Alch      3%         2d4       87%         4


Dungeon Overview and Level Annotations

Branches:
Dungeon (4/15)
 Temple: D:4-7

Altars:
Ashenzari
Qazlal
The Shining One

Shops:
D:2 [

Annotations:
D:3 1 runed translucent door, exclusion: downstairs, Crazy Yiuf


Innate Abilities, Weirdness & Mutations

You are too large for most types of armour.
You have a pair of small horns on your head.
You have tough skin. (AC +1)
You gain doubled healing and magic from potions.
Whenever you drink a healing potion, you attack all around you.


Message History

A tiny devil pulls itself out of the air.
The kobold hits you with a +0 dagger.
* * * LOW HITPOINT WARNING * * *
You hit the kobold.
The kobold is severely wounded.
The kobold hits you with a +0 dagger.
* * * LOW HITPOINT WARNING * * *
Your cerulean imp closely misses the kobold.
You closely miss the kobold.
The kobold is severely wounded.
The kobold hits you with a +0 dagger.
* * * LOW HITPOINT WARNING * * *
Your cerulean imp closely misses the kobold.
The kobold hits you with a +0 dagger.
* * * LOW HITPOINT WARNING * * *
You hit the kobold.
You kill the kobold!
Your cerulean imp hits something but does no damage.
Something hits you.
* * * LOW HITPOINT WARNING * * *
Deactivating autopickup; reactivate with Ctrl-A.
Your Fighting skill increases to level 4!
Okay, then.
You aren't carrying any items that you can evoke.
Unknown command.
Casting: Call Imp (safe; 21% risk of failure)
Confirm with . or Enter, or press ? or * to list all spells.
Aiming: Magic Dart (safe; 9% risk of failure)
Press: ? - help, Shift-Dir - straight line The magic dart hits something.
Something hits you.
* * * LOW HITPOINT WARNING * * *
You hit something. Something hits you.
* * * LOW HITPOINT WARNING * * *
Something hits you.
* * * LOW HITPOINT WARNING * * *
It was a potion of degeneration.
There was something very wrong with that liquid.
You feel weakened.
You feel dopey.
You feel clumsy. Something hits you.
You die...

## ##########..#.## ##### #.# #
#..........###)# #...# #.#
#####.########..#.#####...####.#
...†..# #.#.####..........#
.###### #....##.........####
.##### #...)..)............
.....# ##...##)........####
.###.# #########.####÷#...####
## #.# #.....).#@# #.#...# # #.#
#.#####.#)####.#...# # #)###.#
#.#>5.##.##### # #.....#
#........# # ####### #####.####
# ### #.# # ##.## #.# # ##...##
#.# # ##.....########.#


You could see a friendly cerulean imp (summoned).

Vanquished Creatures
  Jessica (D:3)
  An iguana (D:3)
  2 adders
  An orc (D:3)
  3 bats
  3 endoplasms
  3 giant cockroaches
  8 goblins
  6 hobgoblins
  2 kobolds
  A quokka (D:1)
  5 ball pythons
  3 frilled lizards
  2 rats
41 creatures vanquished.

Vanquished Creatures (collateral kills)
  A sleepcap (D:3)
  Robin (D:3)
  3 orcs (D:3)
  An endoplasm (D:4)
  A hobgoblin (D:2)
  A goblin (D:2)
  3 kobolds
11 creatures vanquished.

Grand Total: 52 creatures vanquished

Notes
Turn   | Place    | Note
-------+----------+-------------------------------------------
     0 | D:1      | Autsider the Oni Hedge Wizard began the quest for the Orb.
     0 | D:1      | Reached XP level 1. HP: 16/16 MP: 5/5
   217 | D:1      | Reached skill level 1 in Fighting
   469 | D:1      | Reached skill level 2 in Fighting
   469 | D:1      | Reached XP level 2. HP: 28/28 MP: 1/6
  1079 | D:1      | Learned a level 2 spell: Blink
  1082 | D:1      | Learned a level 2 spell: Call Imp
  1350 | D:2      | Reached skill level 1 in Translocations
  1499 | D:2      | Reached skill level 3 in Fighting
  1593 | D:2      | Reached XP level 3. HP: 37/37 MP: 5/8
  1838 | D:2      | Found Zihisi's Armour Emporium.
  2021 | D:3      | Learned a level 3 spell: Mephitic Cloud
  2419 | D:3      | Found a glowing golden altar of the Shining One.
  2435 | D:3      | Reached skill level 1 in Conjurations
  2494 | D:4      | Noticed a lemure
  2826 | D:3      | Found a broken altar of Ashenzari.
  2853 | D:3      | Found a stormy altar of Qazlal.
  2854 | D:3      | Noticed an air elemental
  2855 | D:3      | Noticed a water elemental
  2856 | D:3      | Noticed a fire elemental
  2856 | D:3      | Noticed an earth elemental
  2872 | D:3      | Found a runed translucent door.
  2873 | D:3      | Noticed Crazy Yiuf
  2937 | D:3      | Reached XP level 4. HP: 32/45 MP: 2/9
  3044 | D:3      | Noticed Jessica
  3057 | D:3      | Killed Jessica
  3150 | D:3      | Noticed Robin
  3175 | D:3      | Killed Robin
  3280 | D:3      | Reached skill level 1 in Alchemy
  3358 | D:3      | Reached skill level 1 in Air Magic
  3358 | D:3      | Reached XP level 5. HP: 54/54 MP: 2/10
  3742 | D:3      | Reached skill level 4 in Fighting
  3744 | D:3      | Slain by an orc wizard

Illustrated notes

Levels and vault maps discovered:
D:1:      onia_arrival_pentagram, layout_basic
D:2:      layout_rooms, serial_shops, nicolae_shop_rolling_square
D:3:      layout_loops_ring, mainiacjoe_overflow_alcove_4,
          mainiacjoe_overflow_six_doors_small, nicolae_qazlal_style_of_elements,
          uniq_robin, uniq_jessica, uniq_crazy_yiuf_cottage
D:4:      minmay_skewed_foursquare, layout_cave_pools, portal_sewer_entry_b,
          uniq_pikel

Skill      XL: |  1  2  3  4  5 |
---------------+----------------+-----
Fighting       | 2 3 4 |  4.0
Translocations | 1 2 |  2.2
Conjurations   | 1 |  1.8
Alchemy        | 1 |  1.2
Air Magic      | 1 |  1.2
Dodging        | |  1.7
Stealth        | |  1.4
Spellcasting   | |  3.6
Summonings     | |  0.8

Action                     |  1- 3 |  4- 6 || total
---------------------------+-------+-------++-------
  Melee: Club              |    40 |    25 ||    65
         Headbutt          |     5 |     8 ||    13
         Unarmed           |     1 |       ||     1
   Cast: Magic Dart        |    72 |    23 ||    95
         Call Imp          |     7 |     8 ||    15
    Use: Scroll            |       |    11 ||    11
         Potion            |       |     1 ||     1
 Armour: Skin              |    54 |    33 ||    87
  Dodge: Dodged            |    37 |    15 ||    52

Table legend: (Time is in decaauts)
 A = Elapsed time spent in this place.
 B = Non-inter-level travel time spent in this place.
 C = Inter-level travel time spent in this place.
 D = Time resting spent in this place.
 E = Time spent auto-exploring this place.
 F = Levels seen in this place.
 G = Mean time per level.
                   A        B        C        D        E       F      G
               +--------+--------+--------+--------+--------+-----+--------+
         Total |   3764 |   3613 |    151 |    158 |   2911 |   4 |  941.0 |
       Dungeon |   3764 |   3613 |    151 |    158 |   2911 |   4 |  941.0 |
               +--------+--------+--------+--------+--------+-----+--------+

Top non-repeatable levels by time:
     D:3: 1693 daAuts
     D:1: 1262 daAuts
     D:2: 759 daAuts
     D:4: 49 daAuts
